 Dungeon Crawl Stone Soup version 0.22.1-6-g1668fe2 (webtiles) character file.

558 teukkam the Skirmisher (level 7, 0/61 HPs)
             Began as a Minotaur Fighter on Jan 17, 2019.
             Splashed by an orc's acid (8 damage)
             ... on level 5 of the Dungeon.
             The game lasted 00:09:21 (2305 turns).

teukkam the Skirmisher (Minotaur Fighter)           Turns: 2305, Time: 00:09:22

Health: 0/61       AC:  5    Str: 22    XL:     7   Next: 9%
Magic:  6/6        EV:  9    Int:  5    God:
Gold:   98         SH: 10    Dex: 10    Spells: 6/6 levels left

rFire    + . .     SeeInvis .   a - +1 war axe
rCold    + . .     Gourm    .   c - +0 shield
rNeg     . . .     Faith    .   p - +2 leather armour {rC+}
rPois    .         Spirit   .   (helmet restricted)
rElec    .         Reflect  .   (no cloak)
rCorr    .         Harm     .   (no gloves)
MR       .....                  k - +1 pair of boots
Stlth    +.........             (no amulet)
HPRegen  0.20/turn              j - +1 ring of protection
MPRegen  0.10/turn              r - ring of protection from fire

@: corroded
A: retaliatory headbutt, horns 2
a: no special abilities


You were on level 5 of the Dungeon.
You were not hungry.

You visited 1 branch of the dungeon, and saw 5 of its levels.

You collected 98 gold pieces.

Inventory:

Hand Weapons
 a - a +1 war axe (weapon)
 b - a +0 hunting sling
Missiles
 m - 2 tomahawks (quivered)
 q - 42 stones
Armour
 c - a +0 shield (worn)
 k - a +1 pair of boots (worn)
 p - a +2 leather armour of cold resistance (worn)
Jewellery
 j - a +1 ring of protection (left hand)
 r - a ring of protection from fire (right hand)
 u - a +6 ring of intelligence
Scrolls
 g - a scroll of blinking {unknown}
 h - a scroll of enchant weapon
 i - a scroll of fog
 n - a scroll of immolation
 o - 3 scrolls of identify
Potions
 d - 3 potions of might
 e - a potion of heal wounds {unknown}
 l - 3 potions of cancellation
 s - a potion of curing {unknown}
 t - 2 potions of flight {unknown}
 w - a potion of degeneration {unknown}
 x - a potion of ambrosia {unknown}
Comestibles
 f - 3 rations
 v - 2 chunks of flesh


   Skills:
 + Level 5.6 Fighting
 + Level 5.0 Axes
 + Level 1.9 Slings
 + Level 5.6 Armour
 + Level 5.6 Shields


You had 6 spell levels left.
You didn't know any spells.
Your spell library contained the following spells:

 Spells                   Type           Power        Failure   Level  Hunger
 Confusing Touch          Hex            #.....       90%         1    ##.....
 Confuse                  Hex            #.......     99%         3    ####...
 Gell's Gravitas          Tloc           #.........   99%         3    ####...
 Petrify                  Tmut/Erth      #.......     100%        4    #####..
 Metabolic Englaciation   Hex/Ice        #.........   100%        5    ######.
 Yara's Violent Unravell  Hex/Tmut       #.........   100%        5    ######.


Dungeon Overview and Level Annotations

Branches:
Dungeon (5/15)
 Temple: D:4-7

Altars:
Dithmenos
Elyvilon
Gozag
Kikubaaqudgha
Makhleb
Qazlal
Sif Muna
Uskayaw
Vehumet
Zin
The Shining One

Annotations:
D:3 Sigmund
D:4 Ijyb


Innate Abilities, Weirdness & Mutations

You reflexively headbutt those who attack you in melee.
You have a pair of horns on your head.


Message History

You block the orc's attack.
You slash the orc!
You kill the orc!
An orc wizard comes into view. It is wielding a dagger.
The orc wizard shouts!
You hear an angry hiss.
You see here a whip.
The orc wizard gestures at you while chanting.
The puff of flame misses you. The orc barely misses you.
You see here a fuming black potion.
x - a fuming black potion The orc zaps a wand.
The bolt of acid hits you!
You are splashed with acid!
The acid burns!
* * * LOW HITPOINT WARNING * * *
It is a wand of acid (10).
You block the orc's attack.
You slash the orc!
You kill the orc!
The orc zaps a wand.
The bolt of acid hits you!
* * * LOW HITPOINT WARNING * * *
The acid corrodes you!
You are splashed with acid!
The acid burns!
You die...

##._..(_.....##
#............#
#._..⌠.._...##
#)..........#
#.._..._....#
#...._......#
#..........##
##....#.....#
#...)@).....#
#.....#.....#
#.>..o.......#
#.....#......#
#.....#.......#
#..### .......#
.... .......#
.## .......


You could see an orc.

Vanquished Creatures
  A scorpion (D:4)
  A water moccasin skeleton (D:4)
  A crimson imp (D:5)
  A jelly (D:5)
  An orc priest (D:5)
  2 bullfrog skeletons (D:4)
  2 orc wizards (D:4)
  5 worker ants
  3 gnolls (D:2)
  5 adders
  2 worms (D:4)
  2 dart slugs
  8 orcs
  2 giant cockroaches
  4 goblins
  6 hobgoblins
  3 jackals (D:3)
  A quokka (D:5)
  7 bats
  3 frilled lizards
  A kobold (D:2)
  7 rats
68 creatures vanquished.

Notes
Turn   | Place    | Note
-------+----------+-------------------------------------------
     0 | D:1      | teukkam the Minotaur Fighter began the quest for the Orb.
     0 | D:1      | Reached XP level 1. HP: 19/19 MP: 0/0
   177 | D:2      | Reached XP level 2. HP: 21/27 MP: 1/1
   220 | D:3      | Noticed Sigmund
   248 | D:2      | Reached XP level 3. HP: 33/33 MP: 2/2
   620 | D:2      | Found a deep blue altar of Sif Muna.
   666 | D:2      | Reached XP level 4. HP: 40/40 MP: 3/3
   752 | D:2      | Found an opulent altar of Gozag.
   752 | D:2      | Found a glowing silver altar of Zin.
  1033 | D:4      | Noticed Ijyb
  1610 | D:4      | Reached XP level 5. HP: 37/47 MP: 4/4
  1777 | D:4      | Reached skill level 5 in Fighting
  1777 | D:4      | Reached skill level 5 in Armour
  1777 | D:4      | Reached skill level 5 in Shields
  2019 | D:4      | Reached XP level 6. HP: 46/56 MP: 5/5
  2147 | D:4      | Reached skill level 1 in Slings
  2218 | D:5      | Entered Level 5 of the Dungeon
  2264 | D:5      | Found a radiant altar of Vehumet.
  2264 | D:5      | Found a glowing golden altar of the Shining One.
  2266 | D:5      | Found a shadowy altar of Dithmenos.
  2266 | D:5      | Found an ancient bone altar of Kikubaaqudgha.
  2268 | D:5      | Found a white marble altar of Elyvilon.
  2268 | D:5      | Found a stormy altar of Qazlal.
  2268 | D:5      | Found a hide-covered altar of Uskayaw.
  2269 | D:5      | Found a burning altar of Makhleb.
  2277 | D:5      | Reached XP level 7. HP: 33/61 MP: 6/6
  2278 | D:5      | Reached skill level 5 in Axes
  2305 | D:5      | Splashed by an orc's acid

Skill      XL: |  1  2  3  4  5  6  7 |
---------------+----------------------+-----
Fighting       | 4 5 |  5.6
Axes           | 3 4 5 |  5.0
Armour         | 4 5 |  5.6
Shields        | 4 5 |  5.6
Slings         | 1 |  1.9

Action                   |  1- 3 |  4- 6 |  7- 9 || total
-------------------------+-------+-------+-------++-------
Melee: War axe           |    47 |   107 |     9 ||   163
       Headbutt          |     9 |    13 |     1 ||    23
       Unarmed           |       |     2 |       ||     2
 Fire: Hunting sling     |       |     9 |       ||     9
Throw: Tomahawk          |       |     2 |       ||     2
  Use: Scroll            |       |     9 |       ||     9
  Eat: Chunk             |       |     3 |       ||     3
       Ration            |       |     1 |       ||     1
Armor: Scale mail        |    16 |       |       ||    16
       Leather armour    |     7 |    40 |     4 ||    51
Dodge: Dodged            |    17 |    37 |     6 ||    60
Block: Shield            |    21 |    58 |     8 ||    87
